 Dungeon Crawl Stone Soup version 0.21.1-1-g345015fe64 (webtiles) character file.

100 Ivernyr the Charmwright (level 4, 0/34 HPs)
             Began as a Demonspawn Skald on Apr 26, 2018.
             Killed from afar by an orc wizard (9 damage)
             ... with a puff of flame
             ... on level 3 of the Dungeon.
             The game lasted 00:07:48 (2324 turns).

Ivernyr the Charmwright (Demonspawn Skald)          Turns: 2324, Time: 00:07:49

Health: 0/34       AC:  4    Str: 11    XL:     4   Next: 47%
Magic:  3/7        EV: 12    Int: 14    God:
Gold:   62         SH:  0    Dex: 14    Spells: 2/7 levels left

rFire    . . .     SeeInvis .   (no weapon)
rCold    . . .     Gourm    .   (no shield)
rNeg     . . .     Faith    .   b - +0 leather armour
rPois    .         Spirit   .   (no helmet)
rElec    .         Reflect  .   (no cloak)
rCorr    .         Harm     .   i - +0 pair of gloves (curse)
MR       .....                  (no boots)
Stlth    +.........             (no amulet)
HPRegen  0.11/turn              f - +2 ring of slaying
MPRegen  0.10/turn              (no ring)

@: shrouded, singing
A: claws 1, powered by death 1
a: no special abilities


You were on level 3 of the Dungeon.
You were hungry.

You visited 1 branch of the dungeon, and saw 3 of its levels.

You collected 62 gold pieces.

Inventory:

Armour
 b - a +0 leather armour (worn)
 i - a cursed +0 pair of gloves (worn)
Jewellery
 f - a +2 ring of slaying (left hand)
Scrolls
 e - a scroll of teleportation {unknown}
 g - a scroll of enchant weapon {unknown}
 j - 2 scrolls of identify {unknown}
 o - a scroll of fog {unknown}
Potions
 h - a potion of cancellation {unknown}
 k - a potion of degeneration {unknown}
 l - a potion of flight {unknown}
 m - a potion of magic {unknown}
 n - a potion of lignification {unknown}
Books
 c - a book of Battle

   Spells                             Type                      Level
   a - Infusion                       Charms                       1
   b - Shroud of Golubria             Charms/Translocation         2
   c - Song of Slaying                Charms                       2
   d - Spectral Weapon                Hexes/Charms                 3
   e - Regeneration                   Charms/Necromancy            3
Comestibles
 d - 6 rations


   Skills:
 + Level 2.7 Fighting
   Level 2.3 Long Blades
 * Level 2.6 Armour
 - Level 1.7 Dodging
 - Level 2.0 Spellcasting
 + Level 3.2 Charms


You had 2 spell levels left.
You knew the following spells:

 Your Spells              Type           Power        Failure   Level  Hunger
a - Shroud of Golubria    Chrm/Tloc      #.........   24%         2    ###....
b - Song of Slaying       Chrm           ##......     12%         2    ###....
c - Infusion              Chrm           ##..         9%          1    ##.....


Dungeon Overview and Level Annotations

Branches:
Dungeon (3/15)

Altars:
Dithmenos
Elyvilon
Trog


Innate Abilities, Weirdness & Mutations

You have sharp fingernails.
You regenerate a little health from kills.


Message History

The orc wizard is lightly wounded.
The orc wizard closely misses you.
You barely miss the orc wizard.
The orc wizard is lightly wounded.
The orc wizard barely misses you.
Casting: Song of Slaying
Confirm with . or Enter, or press ? or * to list all spells.
Space distorts slightly along a thin shroud covering your body.
Your shroud bends the orc wizard's attack away.
You hit the orc wizard.
The orc wizard is moderately wounded.
The orc wizard hits you but does no damage.
You completely miss the orc wizard.
The orc wizard is moderately wounded.
The orc wizard hits you but does no damage.
You hit the orc wizard.
The orc wizard is moderately wounded.
The orc wizard points at you and mumbles some strange words.
The puff of flame hits you!
You die...

#.......####
##......#
#......#
#.....(#
#......#
#......#
######.....o#
#......)..#o#
#.#######.#@#
........#.#
########.#.#
.........#.#
.#######.#.#
#.....#.#
#.###.#.#
#....<#.#
#######


You could see an orc wizard and an orc.

Vanquished Creatures
  2 adders (D:2)
  2 oozes (D:1)
  A dart slug (D:1)
  3 leopard geckos
  2 orcs
  9 bats
  2 giant cockroaches (D:1)
  9 goblins
  10 hobgoblins
  3 quokkas (D:2)
  4 frilled lizards
  8 kobolds
  9 rats
64 creatures vanquished.

Notes
Turn   | Place    | Note
-------+----------+-------------------------------------------
     0 | D:1      | Ivernyr the Demonspawn Skald began the quest for the Orb.
     0 | D:1      | Reached XP level 1. HP: 16/16 MP: 3/3
    15 | D:1      | Reached skill level 1 in Armour
   257 | D:1      | Gained mutation: You regenerate a little health from kills. [demonic ancestry]
   257 | D:1      | Reached XP level 2. HP: 20/22 MP: 5/5
   304 | D:1      | Learned a level 2 spell: Song of Slaying
   307 | D:1      | Learned a level 2 spell: Shroud of Golubria
   389 | D:1      | HP: 1/22 [goblin/dagger of draining (1)]
   764 | D:1      | Reached XP level 3. HP: 28/28 MP: 6/6
   789 | D:1      | Reached skill level 3 in Charms
  1186 | D:2      | Found a bloodstained altar of Trog.
  1305 | D:2      | Gained mutation: You have sharp fingernails. [demonic ancestry]
  1305 | D:2      | Reached XP level 4. HP: 33/34 MP: 4/7
  1653 | D:2      | Found a shadowy altar of Dithmenos.
  1667 | D:2      | Found a white marble altar of Elyvilon.
  2324 | D:3      | Killed from afar by an orc wizard

Skill      XL: |  1  2  3 |
---------------+----------+-----
Armour         | 1 2 |  2.6
Long Blades    | 2 |  2.3
Charms         | 3 |  3.2
Fighting       | |  2.7
Dodging        | |  1.7
Spellcasting   | |  2.0

Action                   |  1- 3 |  4- 6 || total
-------------------------+-------+-------++-------
Melee: Falchion          |   107 |       ||   107
       Unarmed           |       |   145 ||   145
 Cast: Shroud of Golubri |     6 |     3 ||     9
       Song of Slaying   |       |     1 ||     1
  Eat: Chunk             |     2 |     3 ||     5
Armor: Leather armour    |    37 |    41 ||    78
Dodge: Dodged            |    70 |    96 ||   166
       Rpst.: Falchion   |    23 |       ||    23
